Workbook
Name \0: #REF!
Name \00: #REF!
Name \a: #REF!
Name \a: #REF!
Name \a: #REF!
Name \a: #REF!
Name \a: #REF!
Name \a: #REF!
Name \a: #REF!
Name \a: #REF!
Name \a: #REF!
Name \a: #REF!
Name \a: #REF!
Name \a: #REF!
Name \AA: [1]LIQUIDACION!#REF!
Name \b: [2]STRSUMM0!#REF!
Name \bb: [2]STRSUMM0!#REF!
Name \E: #REF!
Name \EE: #REF!
Name \G: #REF!
Name \k: '[3]7422CW00'!#REF!
Name \l: [4]STRSUMM0!#REF!
Name \M: #REF!
Name \ñ: '[5]7422CW00'!#REF!
Name \P: #REF!
Name \R: #REF!
Name \s: #REF!
Name \s: #REF!
Name \s: #REF!
Name \s: #REF!
Name \s: #REF!
Name \s: #REF!
Name \s: #REF!
Name \s: #REF!
Name \s: #REF!
Name \s: #REF!
Name \s: #REF!
Name \s: #REF!
Name \V: #REF!
Name \X: 'ITEM 1'!ERR
Name \X: 'ITEM 10'!ERR
Name \X: 'ITEM 11'!ERR
Name \X: 'ITEM 2 '!ERR
Name \X: 'ITEM 3 '!ERR
Name \X: 'ITEM 4'!ERR
Name \X: 'ITEM 5'!ERR
Name \X: 'ITEM 6'!ERR
Name \X: 'ITEM 7'!ERR
Name \X: 'ITEM 8'!ERR
Name \X: 'ITEM 9'!ERR
Name \X: [0]!ERR
Name \Z: 'ITEM 1'!ERR
Name \Z: 'ITEM 10'!ERR
Name \Z: 'ITEM 11'!ERR
Name \Z: 'ITEM 2 '!ERR
Name \Z: 'ITEM 3 '!ERR
Name \Z: 'ITEM 4'!ERR
Name \Z: 'ITEM 5'!ERR
Name \Z: 'ITEM 6'!ERR
Name \Z: 'ITEM 7'!ERR

Sheet PROPUESTA ECONOMICA(ENTIDAD)
C3: Formulario 1 - Propuesta económica - Documento tipo de selección abreviada de menor cuantía - versión 2
C4: Código | D4: CCE-EICP-FM-25 | E4: Versión | F4: 2
C6: FORMULARIO 1
C7: PROPUESTA ECONOMICA
C8: [La entidad puede utilizar este formulario de presentación de propuesta económica de forma detallada, sin perjuicio que la entidad pueda modificarlo o establecer la presentación de la oferta económica con un formulario distinto al indicado.] [Los proponentes emplearán el formulario establecido por la entidad para determinar su propuesta económica conforme al Formulario 1 - Presupuesto Oficial publicado por la Entidad]
C10: Cuando el proceso de contratación es estructurado por precios unitarios, la Entidad debe aplicar las notas 1, 2 y 3 del presente formato y las casillas de "Descripción", "Porcentaje" de la Administración, Imprevisto, Utilidad y total A.I.U. resaltadas en color amarillo.
C12: Nº | D12: ITEM DE PAGO | E12: ESPECIFICACIONES | G12: DESCRIPCION | H12: UND. | I12: CANTIDAD | J12: VALOR UNITARIO | K12: VALOR TOTAL
E13: GENERAL | F13: PARTICULAR
C15: 1 | D15: 1 | E15: INVIAS | F15: 450 | G15: Corte con disco | H15: m | I15: 437 | J15: ='ITEM 1'!O68 -> 8775 | K15: =I15*J15 -> 3834675
C16: 2 | D16: 2 | E16: INVIAS | F16: 201 | G16: Demoliciones asfalto | H16: m3 | I16: 103 | J16: ='ITEM 2 '!O68 -> 243000.45 | K16: =I16*J16 -> 25029047
C17: 3 | D17: 3 | E17: INVIAS | F17: 201 | G17: Demoliciones rigido | H17: m3 | I17: 19 | J17: ='ITEM 3 '!O68 -> 155249.94 | K17: =I17*J17 -> 2949748.8
C18: 4 | D18: 4 | E18: INVIAS | F18: 210 | G18: Excavacion material común | H18: m3 | I18: 165 | J18: ='ITEM 4'!O68 -> 60750.151 | K18: =I18*J18 -> 10023775
C19: 5 | D19: 5 | E19: INVIAS | F19: 900 | G19: Retiro y transporte de material sobrante | H19: m3 | I19: 249 | J19: ='ITEM 5'!O68 -> 106649.87 | K19: =I19*J19 -> 26555816
C20: 6 | D20: 6 | E20: INVIAS | F20: 330-22 | G20: Base tipo Invias (Incluye transporte) | H20: m3 | I20: 178 | J20: ='ITEM 6'!O69 -> 263250.49 | K20: =I20*J20 -> 46858587
C21: 7 | D21: 7 | E21: INVIAS | F21: Catálogo proveedor | G21: Sello de juntas con POLYBIT-R | H21: m | I21: 230 | J21: 15772 | K21: =I21*J21 -> 3627560
C22: 8 | D22: 8 | E22: INVIAS | F22: 420-22 | G22: Imprimación | H22: m2 | I22: 1455 | J22: ='ITEM 8'!O69 -> 12824.499 | K22: =I22*J22 -> 18659646
C23: 9 | D23: 9 | E23: INVIAS | F23: Catálogo proveedor | G23: Geomalla biaxial FV R-50 | H23: m2 | I23: 972 | J23: ='ITEM 9'!O69 -> 21476.963 | K23: =I23*J23 -> 20875608
C24: 10 | D24: 10 | E24: INVIAS | F24: 450-22 | G24: Asfalto e= 0,07 m a 0,10 m (Incluye transporte) | H24: m3 | I24: 130 | J24: ='ITEM 10'!O69 -> 1526225.8 | K24: =I24*J24 -> 1.9840936e+08
C25: 11 | D25: 11 | E25: INVIAS | F25: 700 | G25: Líneas de demarcación vial pintura en frío | H25: m | I25: 716 | J25: ='ITEM 11'!O70 -> 4429.8462 | K25: =I25*J25 -> 3171769.9
C26: Subtotal | K26: =SUM(K15:K25) -> 3.5999559e+08
C27: SUBTOTAL OBRAS | K27: =K26 -> 3.5999559e+08
G30: SUBTOTAL OBRAS (INCLUYE IVA) | K30: =K27+K29 -> 3.5999559e+08
G32: VALOR TOTAL | K32: =K30 -> 3.5999559e+08
C35: NOTA 1: Se debe tener en cuenta que el PRECIO UNITARIO incluye el valor de A.I.U. | H35: DESCRIPCION | K35: PORCENTAJE
C36: NOTA 2: Cuando la fracción decimal del peso sea igual o superior a 5 se aproximara por exceso al número entero siguiente del peso y cuando la fracción decimal del peso sea inferior a 5 se aproximará por defecto al número entero del peso. | H36: ADMINISTRACION | J36: A= | K36: 0.3
C37: NOTA 3: El A.I.U y su discriminación deben estar en porcentaje (%). | H37: IMPREVISTO | J37: I= | K37: 0
H38: UTILIDAD | J38: U= | K38: 0.05
H39: TOTAL A.I.U | J39: A.I.U.= | K39: =SUM(K36:K38) -> 0.35
G42: Luis Miguel Rangel Franco - Secretario de Infraestructura.

Sheet PROPUESTA ECONOMICA(Proponente)
C3: Formulario 1 - Propuesta económica - Documento tipo de selección abreviada de menor cuantía - versión 2
C4: Código | D4: CCE-EICP-FM-25 | E4: Versión | F4: 2
C6: FORMULARIO 1
C7: PROPUESTA ECONOMICA
C8: [La entidad puede utilizar este formulario de presentación de propuesta económica de forma detallada, sin perjuicio que la entidad pueda modificarlo o establecer la presentación de la oferta económica con un formulario distinto al indicado.] [Los proponentes emplearán el formulario establecido por la entidad para determinar su propuesta económica conforme al Formulario 1 - Presupuesto Oficial publicado por la Entidad]
C10: Cuando el proceso de contratación es estructurado por precios unitarios, la Entidad debe aplicar las notas 1, 2 y 3 del presente formato y las casillas de "Descripción", "Porcentaje" de la Administración, Imprevisto, Utilidad y total A.I.U. resaltadas en color amarillo.
C12: Nº | D12: ITEM DE PAGO | E12: ESPECIFICACIONES | G12: DESCRIPCION | H12: UND. | I12: CANTIDAD | J12: VALOR UNITARIO | K12: VALOR TOTAL
E13: GENERAL | F13: PARTICULAR
C16: Subtotal
C22: Subtotal
C32: Subtotal
C37: Subtotal
C40: Subtotal
C41: SUBTOTAL OBRAS
G46: SUBTOTAL OBRAS (INCLUYE IVA)
G50: VALOR TOTAL
C53: NOTA 1: Se debe tener en cuenta que el PRECIO UNITARIO incluye el valor de A.I.U. | H53: DESCRIPCION | K53: PORCENTAJE
C54: NOTA 2: Cuando la fracción decimal del peso sea igual o superior a 5 se aproximara por exceso al número entero siguiente del peso y cuando la fracción decimal del peso sea inferior a 5 se aproximará por defecto al número entero del peso. | H54: ADMINISTRACION | J54: A= | K54: [Ofrecimiento del Proponente]
C55: NOTA 3: El A.I.U y su discriminación deben estar en porcentaje (%). | H55: IMPREVISTO | J55: I= | K55: [Ofrecimiento del Proponente]
H56: UTILIDAD | J56: U= | K56: [Ofrecimiento del Proponente]
H57: TOTAL A.I.U | J57: A.I.U.= | K57: [Ofrecimiento del Proponente]
G60: Firma del Proponente o de su Representante Legal

Sheet Análisis AU
B3: ANALISIS DE A.U
B4: REALIZAR ACTIVIDADES DE MANTENIMIENTO DE VIAS EN EL MUNICIPIO DE SANTA ROSA DE CABAL
B6: INFORMACION BASICA
C7: Proponente
C8: Valor de la oferta (Costo directo) | G8: 266663629
C9: Plazo (meses) | G9: 0.5
B13: Item | C13: Descripción | D13: Valor Mes $ | E13: Prestaciones sociales | F13: Subtotal Mes | G13: Cantidad | H13: Dedicación | I13: Valor total mes | J13: No Meses | K13: TOTAL
C14: PERSONAL PROFESIONAL
C15: Director de obra, Ingeniero civil. | D15: 8000000 | E15: 0.7234 | F15: =ROUND(D15+(E15*D15),0) -> 13787200 | G15: 1 | H15: 0.5 | I15: =+H15*G15*F15 -> 6893600 | J15: 0.5 | K15: =J15*I15 -> 3446800
C16: Residente obra, Ingeniero civil | D16: 5000000 | E16: 0.7234 | F16: =ROUND(D16+(E16*D16),0) -> 8617000 | G16: 1 | H16: 1 | I16: =+H16*G16*F16 -> 8617000 | J16: 0.5 | K16: =J16*I16 -> 4308500
C17: Profesional en SGSST | D17: 3000000 | E17: 0.7234 | F17: =ROUND(D17+(E17*D17),0) -> 5170200 | G17: 1 | H17: 1 | I17: =+H17*G17*F17 -> 5170200 | J17: 0.5 | K17: =J17*I17 -> 2585100
C18: Inspector de obras civiles | D18: 2500000 | E18: 0.7234 | F18: =ROUND(D18+(E18*D18),0) -> 4308500 | G18: 1 | H18: 1 | I18: =+H18*G18*F18 -> 4308500 | J18: 0.5 | K18: =J18*I18 -> 2154250
H19: SUBTOTAL PERSONAL PROFESIONAL | K19: =SUM(K15:K18) -> 12494650
C21: PERSONAL DE APOYO TÉCNICO Y ADMINISTRATIVO
C22: A.Personal con vinculación
C23: Auxiliar en SGSST | D23: 2500000 | E23: 0.8606 | F23: =ROUND(D23+(E23*D23),0) -> 4651500 | G23: 1 | H23: 1 | I23: =+H23*G23*F23 -> 4651500 | J23: 0.5 | K23: =J23*I23 -> 2325750
C24: Secretaria | D24: 1800000 | E24: 0.8606 | F24: =ROUND(D24+(E24*D24),0) -> 3349080 | G24: 1 | H24: 1 | I24: =+H24*G24*F24 -> 3349080 | J24: 0.5 | K24: =J24*I24 -> 1674540
C25: Almacenista de obra | D25: 2500000 | E25: 0.8606 | F25: =ROUND(D25+(E25*D25),0) -> 4651500 | G25: 1 | H25: 1 | I25: =+H25*G25*F25 -> 4651500 | J25: 0.5 | K25: =J25*I25 -> 2325750
C26: Contador | D26: 4000000 | E26: 0.7234 | F26: =ROUND(D26+(E26*D26),0) -> 6893600 | G26: 1 | H26: 1 | I26: =+H26*G26*F26 -> 6893600 | J26: 0.5 | K26: =J26*I26 -> 3446800
C27: Mensajero | D27: 1600000 | E27: 0.8606 | F27: =ROUND(D27+(E27*D27),0) -> 2976960 | G27: 1 | H27: 1 | I27: =+H27*G27*F27 -> 2976960 | J27: 0.2 | K27: =J27*I27 -> 595392
G28: SUBTOTAL PERSONAL DE APOYO TÉCNICO | I28: (con vinculación) | K28: =SUM(K23:K27) -> 10368232
C29: B. Personal sin vinculación
C30: Asesor ambiental | D30: 5000000 | F30: =D30 -> 5000000 | G30: 1 | H30: 0.3 | I30: =+H30*G30*F30 -> 1500000 | J30: 0.5 | K30: =J30*I30 -> 750000
C31: Asesor social | D31: 5000000 | F31: =D31 -> 5000000 | G31: 1 | H31: 0.5 | I31: =+H31*G31*F31 -> 2500000 | J31: 0.5 | K31: =J31*I31 -> 1250000
C32: Asesor en gestión de calidad | D32: 5000000 | F32: =D32 -> 5000000 | G32: 1 | H32: 0.53 | I32: =+H32*G32*F32 -> 2650000 | J32: 0.5 | K32: =J32*I32 -> 1325000
C33: Administrador de recursos humanos y seguridad social | D33: 2500000 | F33: =D33 -> 2500000 | G33: 1 | H33: 1 | I33: =+H33*G33*F33 -> 2500000 | J33: 0.5 | K33: =J33*I33 -> 1250000
G35: SUBTOTAL PERSONAL DE APOYO TÉCNICO | I35: (sin vinculación) | K35: =SUM(K30:K34) -> 4575000
C37: SUBTOTAL COSTOS DE PERSONAL (A) | K37: =K19+K28+K35 -> 27437882
C39: COSTOS DE LEGALIZACIÓN E IMPUESTOS
C40: Descripción | D40: Valor Mes | E40: Porcentaje | F40: V/MES | G40: Cantidad | H40: Dedicación | I40: Subtotal | J40: No Meses | K40: TOTAL
C41: Costos de legalizacion Pólizas, timbres, publicación. | D41: 359995899 | E41: 0.0025 | I41: =+D41*E41 -> 899989.75 | K41: =I41 -> 899989.75
C42: Costos financieros | D42: 359995899 | E42: 0.0005 | I42: =+D42*E42 -> 179997.95 | K42: =I42 -> 179997.95
C43: Estampilla Pro Cultura | D43: 359995899 | E43: 0.01 | I43: =+D43*E43 -> 3599959 | K43: =I43 -> 3599959
C44: Contribución Especial | D44: 359995899 | E44: 0.05 | I44: =+D44*E44 -> 17999795 | K44: =I44 -> 17999795
C45: Estampilla proadulto mayor | D45: 359995899 | E45: 0.04 | I45: =+D45*E45 -> 14399836 | K45: =I45 -> 14399836
C46: Retencion de industria y comercio | D46: 359995899 | E46: 0.005 | I46: =+D46*E46 -> 1799979.5 | K46: =I46 -> 1799979.5
C47: Tasa prodeporte y recreacion | D47: 359995899 | E47: 0.025 | I47: =+D47*E47 -> 8999897.5 | K47: =I47 -> 8999897.5
C48: Impuesto del 4x1000 | D48: 359995899 | E48: 0.004 | I48: =+D48*E48 -> 1439983.6 | K48: =I48 -> 1439983.6
C49: SUBTOTAL COSTOS DE LEGALIZACIÓN E IMPUESTOS (B) | K49: =SUM(K41:K48) -> 49319438
C51: COSTOS DIRECTOS REEMBOLSABLES
C52: Descripción | D52: UNIDAD | E52: Valor global | F52: V/MES | G52: Cantidad | H52: Dedicación | I52: Subtotal | J52: No Meses | K52: TOTAL
C53: Gastos generales papeleria, informes, servicios publicos | D53: MES | F53: 1400000 | G53: 1 | H53: 1 | I53: =+H53*G53*F53 -> 1400000 | J53: 0.5 | K53: =J53*I53 -> 700000
C54: Comunicaciones, mobiliario y equipos de oficina | D54: MES | F54: 1000000 | G54: 1 | H54: 1 | I54: =+H54*G54*F54 -> 1000000 | J54: 0.5 | K54: =J54*I54 -> 500000
C55: Vigilancia privada | D55: MES | F55: 7500000 | G55: 2 | H55: 1 | I55: =+H55*G55*F55 -> 15000000 | J55: 0.5 | K55: =J55*I55 -> 7500000
C56: Pruebas, ensayos y certificaciones | D56: MES | F56: 2500000 | G56: 1 | H56: 1 | I56: =+H56*G56*F56 -> 2500000 | J56: 0.5 | K56: =J56*I56 -> 1250000
C57: Señalización y demarcación | D57: MES | F57: 2500000 | G57: 1 | H57: 1 | I57: =+H57*G57*F57 -> 2500000 | J57: 0.5 | K57: =J57*I57 -> 1250000
C58: Elaboración y puesta en marcha de planes y programas , elementos de SGSST (incluye manejo de bioseguridad) | D58: MES | F58: 1500000 | G58: 1 | H58: 1 | I58: =+H58*G58*F58 -> 1500000 | J58: 0.5 | K58: =J58*I58 -> 750000
C59: Campamento de obra y caseta de vigilancia | D59: MES | F59: 3000000 | G59: 1 | H59: 1 | I59: =+H59*G59*F59 -> 3000000 | J59: 0.5 | K59: =I59*J59 -> 1500000
C60: Alquiler vehiculo, tipo camioneta | D60: MES | F60: 6000000 | G60: 1 | H60: 1 | I60: =+H60*G60*F60 -> 6000000 | J60: 0.5 | K60: =I60*J60 -> 3000000
C61: Alquiler motocicleta mensajero | D61: MES | F61: 600000 | G61: 1 | H61: 1 | I61: =+H61*G61*F61 -> 600000 | J61: 0.2 | K61: =I61*J61 -> 120000
C62: SUBTOTAL COSTOS DIRECTOS REEMBOLSABLES (C) | K62: =SUM(K53:K61) -> 16570000
C64: TOTAL GASTOS ADMINISTRATIVOS ( A + B + C ) | K64: =K37+K49+K62 -> 93327320
H66: Porcentaje sobre costo directo (%) | J66: AU | K66: =ROUND(+K64/G8,4) -> 0.35

Sheet ITEM 1
C3: Formulario 1 - Propuesta económica - Documento tipo de selección abreviada de menor cuantía - versión 3
C4: Código | D4: CCE-EICP-FM-25 | E4: Versión | F4: 3
C6: [La entidad podrá utilizar este formato para la presentación de los análisis de precios unitarios el contratista en la oportunidad prevista en el numeral 8.1. del Documento Base]
D9: MUNICIPIO DE SANTA ROSA DE CABAL
L10: VERSIÓN
D11: SI-SAMC-XXX-2024
L12: PÁGINA | M12: 1 | N12: DE | O12: 11
D14: ANALISIS DE PRECIOS UNITARIOS
L16: FECHA | M16: DD | N16: MM | O16: AA
M17: 8 | N17: 10 | O17: 2024
C18: ITEMS DE LA PROPUESTA ECONÓMICA | I18: ITEMS NO PREVISTOS
C22: DATOS ESPECÍFICOS
C24: ITEM | D24: DESCRIPCIÓN | M24: UNIDAD | O24: CANTIDAD
C25: 1 | D25: Corte con disco | M25: m | O25: 437
C26: I. EQUIPO
C29: DESCRIPCIÓN | H29: MARCA | J29: TIPO | L29: TARIFA/HORA | M29: RENDIMIENTO | O29: Vr. UNITARIO
C30: Cortadora de concreto con disco | L30: 20825 | M30: 5.62 | O30: =L30/M30 -> 3705.516
C33: SUBTOTAL $ | O33: =+SUM(O30:O32) -> 3705.516
C34: II. MATERIALES
C37: DESCRIPCIÓN | K37: UNIDAD | L37: CANTIDAD | M37: PRECIO UNIT. | O37: Vr. UNITARIO
C38: Agua | K38: Lt | L38: 8 | M38: 1 | O38: =+M38*L38 -> 8
C39: Gasolina | K39: Gl | L39: 0.0168 | M39: 15935 | O39: =+M39*L39 -> 267.708
C40: SUBTOTAL $ | O40: =+SUM(O38:O39) -> 275.708
C41: III. TRANSPORTES
C44: MATERIAL | J44: VOL. o PESO | K44: DISTANCIA | L44: M3 o Ton/Km | M44: TARIFA | O44: Vr. UNITARIO
C47: SUBTOTAL $
C48: IV. MANO DE OBRA
C51: TRABAJADOR | J51: JORNAL | K51: PRESTACIONES | L51: JORNAL TOTAL | M51: RENDIMIENTO | O51: Vr. UNITARIO
C52: AYUDANTE PRACTICO | J52: =1820000/30 -> 60666.667 | K52: =1579788/30 -> 52659.6 | L52: =J52+K52 -> 113326.27 | M52: =1/45 -> 0.022222222 | O52: =+M52*L52 -> 2518.3615
C56: SUBTOTAL $ | O56: =+SUM(O52:O55) -> 2518.3615
C58: TOTAL COSTO DIRECTO $ | O58: =+O56+O40+O33 -> 6499.5855
C59: V. COSTOS INDIRECTOS
C62: Descripción | L62: Porcentaje | M62: Valor Total
C63: ADMINISTRACION | L63: 0.3 | M63: =O58*L63 -> 1949.8756 | O63: =M63 -> 1949.8756
C64: IMPREVISTOS | L64: 0 | M64: =O58*0 -> 0 | O64: =M64 -> 0
C65: UTILIDAD | L65: 0.05 | M65: =O58*L65 -> 324.97927 | O65: =M65 -> 324.97927
C66: SUBTOTAL $ | O66: =SUM(O63:O65) -> 2274.8549
C68: Precio Unitario Total Aproximado al peso $ | O68: 8775
H72: Firma
H73: Nombre:
H74: Representante Legal del Contratista o su Apoderado
H75: Matricula No. :
C77: OBSERVACIONES INTERVENTORÍA
C81: APROBACIÓN POR INTERVENTORÍA
C82: Nota 1: Cuando se trate de Análisis de precios unitarios correspondientes a ítems de la propuesta económica aprobada, el Interventor aprueba el desglose de los componentes manteniendo el mismo precio unitario de cada ítem, cumpliendo con las especificaciones de construcción vigentes para el proyecto.
C84: Nota 2: Cuando se trate de Análisis de precios unitarios de ítems no previstos, el Interventor aprueba el desglose y precio unitario de cada ítem no previsto, exigiendo la aplicación de los costos correspondientes a insumos y tarifas de la propuesta económica inicial cuando estén contemplados, cumpliendo con las especificaciones de construcción vigente para el proyecto.
H87: Firma
H88: Nombre:
H89: Representante Legal del Interventor o su Apoderado
H90: Matricula No. :

Sheet ITEM 2 
C3: Formulario 1 - Propuesta económica - Documento tipo de selección abreviada de menor cuantía - versión 3
C4: Código | D4: CCE-EICP-FM-25 | E4: Versión | F4: 3
C6: [La entidad podrá utilizar este formato para la presentación de los análisis de precios unitarios el contratista en la oportunidad prevista en el numeral 8.1. del Documento Base]
D9: MUNICIPIO DE SANTA ROSA DE CABAL
L10: VERSIÓN
D11: SI-SAMC-XXX-2024
L12: PÁGINA | M12: 1 | N12: DE | O12: 1
D14: ANALISIS DE PRECIOS UNITARIOS
L16: FECHA | M16: DD | N16: MM | O16: AA
M17: 8 | N17: 10 | O17: 2024
C18: ITEMS DE LA PROPUESTA ECONÓMICA | I18: ITEMS NO PREVISTOS
C22: DATOS ESPECÍFICOS
C24: ITEM | D24: DESCRIPCIÓN | M24: UNIDAD | O24: CANTIDAD
C25: 2 | D25: Demoliciones asfalto | M25: m3 | O25: 93
C26: I. EQUIPO
C29: DESCRIPCIÓN | H29: MARCA | J29: TIPO | L29: TARIFA/HORA | M29: RENDIMIENTO | O29: Vr. UNITARIO
C30: Herramienta menor (% mano obra) | L30: 0.15 | M30: =O52 -> 156522.03 | O30: =+M30*L30 -> 23478.305
C33: SUBTOTAL $ | O33: =+SUM(O30:O32) -> 23478.305
C34: II. MATERIALES
C37: DESCRIPCIÓN | K37: UNIDAD | L37: CANTIDAD | M37: PRECIO UNIT. | O37: Vr. UNITARIO
O38: =+M38*L38 -> 0
O39: =+M39*L39 -> 0
C40: SUBTOTAL $ | O40: =+SUM(O38:O39) -> 0
C41: III. TRANSPORTES
C44: MATERIAL | J44: VOL. o PESO | K44: DISTANCIA | L44: M3 o Ton/Km | M44: TARIFA | O44: Vr. UNITARIO
C45: Acarreo horizontal | L45: 0.1 | M45: =O52 -> 156522.03 | O45: =M45*L45 -> 15652.203
C47: SUBTOTAL $
C48: IV. MANO DE OBRA
C51: TRABAJADOR | J51: JORNAL | K51: PRESTACIONES | L51: JORNAL TOTAL | M51: RENDIMIENTO | O51: Vr. UNITARIO
C52: Cuadrilla H 4 Ay (jornal + prestaciones) | J52: =5200000/30 -> 173333.33 | K52: =4513680/30 -> 150456 | L52: =J52+K52 -> 323789.33 | M52: 0.483407 | O52: =+M52*L52 -> 156522.03
C56: SUBTOTAL $ | O56: =+SUM(O52:O55) -> 156522.03
C58: TOTAL COSTO DIRECTO $ | O58: =+O56+O40+O33 -> 180000.33
C59: V. COSTOS INDIRECTOS
C62: Descripción | L62: Porcentaje | M62: Valor Total
C63: ADMINISTRACION | L63: 0.3 | M63: =O58*L63 -> 54000.1 | O63: =M63 -> 54000.1
C64: IMPREVISTOS | L64: 0 | M64: =O59*L64 -> 0 | O64: =M64 -> 0
C65: UTILIDAD | L65: 0.05 | M65: =O58*L65 -> 9000.0167 | O65: =M65 -> 9000.0167
C66: SUBTOTAL $ | O66: =SUM(O63:O65) -> 63000.117
C68: Precio Unitario Total Aproximado al peso $ | O68: =O58+O66 -> 243000.45
H72: Firma
H73: Nombre:
H74: Representante Legal del Contratista o su Apoderado
H75: Matricula No. :
C77: OBSERVACIONES INTERVENTORÍA
C81: APROBACIÓN POR INTERVENTORÍA
C82: Nota 1: Cuando se trate de Análisis de precios unitarios correspondientes a ítems de la propuesta económica aprobada, el Interventor aprueba el desglose de los componentes manteniendo el mismo precio unitario de cada ítem, cumpliendo con las especificaciones de construcción vigentes para el proyecto.
C84: Nota 2: Cuando se trate de Análisis de precios unitarios de ítems no previstos, el Interventor aprueba el desglose y precio unitario de cada ítem no previsto, exigiendo la aplicación de los costos correspondientes a insumos y tarifas de la propuesta económica inicial cuando estén contemplados, cumpliendo con las especificaciones de construcción vigente para el proyecto.
H87: Firma
H88: Nombre:
H89: Representante Legal del Interventor o su Apoderado
H90: Matricula No. :

Sheet ITEM 3 
C3: Formulario 1 - Propuesta económica - Documento tipo de selección abreviada de menor cuantía - versión 3
C4: Código | D4: CCE-EICP-FM-25 | E4: Versión | F4: 3
C6: [La entidad podrá utilizar este formato para la presentación de los análisis de precios unitarios el contratista en la oportunidad prevista en el numeral 8.1. del Documento Base]
D9: MUNICIPIO DE SANTA ROSA DE CABAL
L10: VERSIÓN
D11: SI-SAMC-XXX-2024
L12: PÁGINA | M12: 1 | N12: DE | O12: 1
D14: ANALISIS DE PRECIOS UNITARIOS
L16: FECHA | M16: DD | N16: MM | O16: AA
M17: 8 | N17: 10 | O17: 2024
C18: ITEMS DE LA PROPUESTA ECONÓMICA | I18: ITEMS NO PREVISTOS
C22: DATOS ESPECÍFICOS
C24: ITEM | D24: DESCRIPCIÓN | M24: UNIDAD | O24: CANTIDAD
C25: 3 | D25: Demoliciones concreto rigido | M25: m3 | O25: 19
C26: I. EQUIPO
C29: DESCRIPCIÓN | H29: MARCA | J29: TIPO | L29: TARIFA/HORA | M29: RENDIMIENTO | O29: Vr. UNITARIO
C30: Cargador 930 1,5 yd3 | L30: 113000 | M30: =0.24*1.26 -> 0.3024 | O30: =+M30*L30 -> 34171.2
C31: Compresor 185 pies3 CFM de 2 martillos, incluye 2 operarios y combustible | L31: 83000 | M31: =0.24*1.26 -> 0.3024 | O31: =+M31*L31 -> 25099.2
C32: Herramienta menor (% mano obra) | M32: =O56*0.04825 -> 2244.065 | O32: =M32 -> 2244.065
C33: SUBTOTAL $ | O33: =+SUM(O30:O32) -> 61514.465
C34: II. MATERIALES
C37: DESCRIPCIÓN | K37: UNIDAD | L37: CANTIDAD | M37: PRECIO UNIT. | O37: Vr. UNITARIO
O38: =+M38*L38 -> 0
O39: =+M39*L39 -> 0
C40: SUBTOTAL $ | O40: =+SUM(O38:O39) -> 0
C41: III. TRANSPORTES
C44: MATERIAL | J44: VOL. o PESO | K44: DISTANCIA | L44: M3 o Ton/Km | M44: TARIFA | O44: Vr. UNITARIO
C45: Acarreo horizontal | M45: =0.15*O52 -> 6976.368 | O45: =M45 -> 6976.368
C47: SUBTOTAL $ | O47: =O45 -> 6976.368
C48: IV. MANO DE OBRA
C51: TRABAJADOR | J51: JORNAL | K51: PRESTACIONES | L51: JORNAL TOTAL | M51: RENDIMIENTO | O51: Vr. UNITARIO
C52: Cuadrilla G 1 Of + 2 Ay (jornal + prestaciones) | J52: 164667 | K52: 142933 | L52: =J52+K52 -> 307600 | M52: =0.12*1.26 -> 0.1512 | O52: =+M52*L52 -> 46509.12
C56: SUBTOTAL $ | O56: =+SUM(O52:O55) -> 46509.12
C58: TOTAL COSTO DIRECTO $ | O58: =+O56+O47+O33 -> 114999.95
C59: V. COSTOS INDIRECTOS
C62: Descripción | L62: Porcentaje | M62: Valor Total
C63: ADMINISTRACION | L63: 0.3 | M63: =O58*L63 -> 34499.986 | O63: =M63 -> 34499.986
C64: IMPREVISTOS | L64: 0 | O64: =M64 -> 0
C65: UTILIDAD | L65: 0.05 | M65: =O58*L65 -> 5749.9977 | O65: =M65 -> 5749.9977
C66: SUBTOTAL $ | O66: =SUM(O63:O65) -> 40249.984
C68: Precio Unitario Total Aproximado al peso $ | O68: =O66+O58 -> 155249.94
H72: Firma
H73: Nombre:
H74: Representante Legal del Contratista o su Apoderado
H75: Matricula No. :
C77: OBSERVACIONES INTERVENTORÍA
C81: APROBACIÓN POR INTERVENTORÍA
C82: Nota 1: Cuando se trate de Análisis de precios unitarios correspondientes a ítems de la propuesta económica aprobada, el Interventor aprueba el desglose de los componentes manteniendo el mismo precio unitario de cada ítem, cumpliendo con las especificaciones de construcción vigentes para el proyecto.
C84: Nota 2: Cuando se trate de Análisis de precios unitarios de ítems no previstos, el Interventor aprueba el desglose y precio unitario de cada ítem no previsto, exigiendo la aplicación de los costos correspondientes a insumos y tarifas de la propuesta económica inicial cuando estén contemplados, cumpliendo con las especificaciones de construcción vigente para el proyecto.
H87: Firma
H88: Nombre:
H89: Representante Legal del Interventor o su Apoderado
H90: Matricula No. :

Sheet ITEM 4
C3: Formulario 1 - Propuesta económica - Documento tipo de selección abreviada de menor cuantía - versión 3
C4: Código | D4: CCE-EICP-FM-25 | E4: Versión | F4: 3
C6: [La entidad podrá utilizar este formato para la presentación de los análisis de precios unitarios el contratista en la oportunidad prevista en el numeral 8.1. del Documento Base]
D9: MUNICIPIO DE SANTA ROSA DE CABAL
L10: VERSIÓN
D11: SI-SAMC-XXX-2024
L12: PÁGINA | M12: 1 | N12: DE | O12: 1
D14: ANALISIS DE PRECIOS UNITARIOS
L16: FECHA | M16: DD | N16: MM | O16: AA
M17: 8 | N17: 10 | O17: 2024
C18: ITEMS DE LA PROPUESTA ECONÓMICA | I18: ITEMS NO PREVISTOS
C22: DATOS ESPECÍFICOS
C24: ITEM | D24: DESCRIPCIÓN | M24: UNIDAD | O24: CANTIDAD
C25: 4 | D25: Excavacion material común | M25: m3 | O25: 139
C26: I. EQUIPO
C29: DESCRIPCIÓN | H29: MARCA | J29: TIPO | L29: TARIFA/HORA | M29: RENDIMIENTO | O29: Vr. UNITARIO
C30: Herramienta menor (% mano obra) | M30: =O52*0.099 -> 3718.3967 | O30: =M30 -> 3718.3967
C33: SUBTOTAL $ | O33: =+SUM(O30:O32) -> 3718.3967
C34: II. MATERIALES
C37: DESCRIPCIÓN | K37: UNIDAD | L37: CANTIDAD | M37: PRECIO UNIT. | O37: Vr. UNITARIO
O38: =+M38*L38 -> 0
O39: =+M39*L39 -> 0
C40: SUBTOTAL $ | O40: =+SUM(O38:O39) -> 0
C41: III. TRANSPORTES
C44: MATERIAL | J44: VOL. o PESO | K44: DISTANCIA | L44: M3 o Ton/Km | M44: TARIFA | O44: Vr. UNITARIO
C45: Acarreo horizontal | M45: =0.0991*O52 -> 3722.1527 | O45: =M45 -> 3722.1527
C47: SUBTOTAL $ | O47: =O45 -> 3722.1527
C48: IV. MANO DE OBRA
C51: TRABAJADOR | J51: JORNAL | K51: PRESTACIONES | L51: JORNAL TOTAL | M51: RENDIMIENTO | O51: Vr. UNITARIO
C52: Cuadrilla A 1 Of + 4 Ay (jornal + prestaciones) | J52: =7540000/30 -> 251333.33 | K52: =6544836/30 -> 218161.2 | L52: =J52+K52 -> 469494.53 | M52: 0.08 | O52: =+M52*L52 -> 37559.563
C56: SUBTOTAL $ | O56: =+SUM(O52:O55) -> 37559.563
C58: TOTAL COSTO DIRECTO $ | O58: =+O56+O47+O33 -> 45000.112
C59: V. COSTOS INDIRECTOS
C62: Descripción | L62: Porcentaje | M62: Valor Total
C63: ADMINISTRACION | L63: 0.3 | M63: =O58*L63 -> 13500.034 | O63: =M63 -> 13500.034
C64: IMPREVISTOS | L64: 0 | O64: =M64 -> 0
C65: UTILIDAD | L65: 0.05 | M65: =O58*L65 -> 2250.0056 | O65: =M65 -> 2250.0056
C66: SUBTOTAL $ | O66: =SUM(O63:O65) -> 15750.039
C68: Precio Unitario Total Aproximado al peso $ | O68: =O66+O58 -> 60750.151
H72: Firma
H73: Nombre:
H74: Representante Legal del Contratista o su Apoderado
H75: Matricula No. :
C77: OBSERVACIONES INTERVENTORÍA
C81: APROBACIÓN POR INTERVENTORÍA
C82: Nota 1: Cuando se trate de Análisis de precios unitarios correspondientes a ítems de la propuesta económica aprobada, el Interventor aprueba el desglose de los componentes manteniendo el mismo precio unitario de cada ítem, cumpliendo con las especificaciones de construcción vigentes para el proyecto.
C84: Nota 2: Cuando se trate de Análisis de precios unitarios de ítems no previstos, el Interventor aprueba el desglose y precio unitario de cada ítem no previsto, exigiendo la aplicación de los costos correspondientes a insumos y tarifas de la propuesta económica inicial cuando estén contemplados, cumpliendo con las especificaciones de construcción vigente para el proyecto.
H87: Firma
H88: Nombre:
H89: Representante Legal del Interventor o su Apoderado
H90: Matricula No. :

Sheet ITEM 5
C3: Formulario 1 - Propuesta económica - Documento tipo de selección abreviada de menor cuantía - versión 3
C4: Código | D4: CCE-EICP-FM-25 | E4: Versión | F4: 3
C6: [La entidad podrá utilizar este formato para la presentación de los análisis de precios unitarios el contratista en la oportunidad prevista en el numeral 8.1. del Documento Base]
D9: MUNICIPIO DE SANTA ROSA DE CABAL
L10: VERSIÓN
D11: SI-SAMC-XXX-2024
L12: PÁGINA | M12: 1 | N12: DE | O12: 1
D14: ANALISIS DE PRECIOS UNITARIOS
L16: FECHA | M16: DD | N16: MM | O16: AA
M17: 8 | N17: 10 | O17: 2024
C18: ITEMS DE LA PROPUESTA ECONÓMICA | I18: ITEMS NO PREVISTOS
C22: DATOS ESPECÍFICOS
C24: ITEM | D24: DESCRIPCIÓN | M24: UNIDAD | O24: CANTIDAD
C25: 5 | D25: Retiro y transporte de material sobrante | M25: m3 | O25: 249
C26: I. EQUIPO
C29: DESCRIPCIÓN | H29: MARCA | J29: TIPO | L29: TARIFA/HORA | M29: RENDIMIENTO | O29: Vr. UNITARIO
C30: Cargue mecánico | L30: 3000 | M30: 1 | O30: =L30*M30 -> 3000
C33: SUBTOTAL $ | O33: =+SUM(O30:O32) -> 3000
C34: II. MATERIALES
C37: DESCRIPCIÓN | K37: UNIDAD | L37: CANTIDAD | M37: PRECIO UNIT. | O37: Vr. UNITARIO
O38: =+M38*L38 -> 0
O39: =+M39*L39 -> 0
C40: SUBTOTAL $ | O40: =+SUM(O38:O39) -> 0
C41: III. TRANSPORTES
C44: MATERIAL | J44: VOL. o PESO | K44: DISTANCIA | L44: M3 o Ton/Km | M44: TARIFA | O44: Vr. UNITARIO
C45: Volqueta 7 m3 | L45: 53773 | M45: 1.3 | O45: =L45*M45 -> 69904.9
C46: Disposicin final | L46: 1 | M46: 6095 | O46: =L46*M46 -> 6095
C47: SUBTOTAL $ | O47: =SUM(O45:O46) -> 75999.9
C48: IV. MANO DE OBRA
C51: TRABAJADOR | J51: JORNAL | K51: PRESTACIONES | L51: JORNAL TOTAL | M51: RENDIMIENTO | O51: Vr. UNITARIO
C56: SUBTOTAL $ | O56: =+SUM(O52:O55) -> 0
C58: TOTAL COSTO DIRECTO $ | O58: =+O56+O47+O33 -> 78999.9
C59: V. COSTOS INDIRECTOS
C62: Descripción | L62: Porcentaje | M62: Valor Total
C63: ADMINISTRACION | L63: 0.3 | M63: =O58*L63 -> 23699.97 | O63: =M63 -> 23699.97
C64: IMPREVISTOS | L64: 0 | O64: =M64 -> 0
C65: UTILIDAD | L65: 0.05 | M65: =O58*L65 -> 3949.995 | O65: =M65 -> 3949.995
C66: SUBTOTAL $ | O66: =SUM(O63:O65) -> 27649.965
C68: Precio Unitario Total Aproximado al peso $ | O68: =O66+O58 -> 106649.87
H72: Firma
H73: Nombre:
H74: Representante Legal del Contratista o su Apoderado
H75: Matricula No. :
C77: OBSERVACIONES INTERVENTORÍA
C81: APROBACIÓN POR INTERVENTORÍA
C82: Nota 1: Cuando se trate de Análisis de precios unitarios correspondientes a ítems de la propuesta económica aprobada, el Interventor aprueba el desglose de los componentes manteniendo el mismo precio unitario de cada ítem, cumpliendo con las especificaciones de construcción vigentes para el proyecto.
C84: Nota 2: Cuando se trate de Análisis de precios unitarios de ítems no previstos, el Interventor aprueba el desglose y precio unitario de cada ítem no previsto, exigiendo la aplicación de los costos correspondientes a insumos y tarifas de la propuesta económica inicial cuando estén contemplados, cumpliendo con las especificaciones de construcción vigente para el proyecto.
H87: Firma
H88: Nombre:
H89: Representante Legal del Interventor o su Apoderado
H90: Matricula No. :

Sheet ITEM 6
C3: Formulario 1 - Propuesta económica - Documento tipo de selección abreviada de menor cuantía - versión 3
C4: Código | D4: CCE-EICP-FM-25 | E4: Versión | F4: 3
C6: [La entidad podrá utilizar este formato para la presentación de los análisis de precios unitarios el contratista en la oportunidad prevista en el numeral 8.1. del Documento Base]
D9: MUNICIPIO DE SANTA ROSA DE CABAL
L10: VERSIÓN
D11: SI-SAMC-XXX-2024
L12: PÁGINA | M12: 1 | N12: DE | O12: 1
D14: ANALISIS DE PRECIOS UNITARIOS
L16: FECHA | M16: DD | N16: MM | O16: AA
M17: 8 | N17: 10 | O17: 2024
C18: ITEMS DE LA PROPUESTA ECONÓMICA | I18: ITEMS NO PREVISTOS
C22: DATOS ESPECÍFICOS
C24: ITEM | D24: DESCRIPCIÓN | M24: UNIDAD | O24: CANTIDAD
C25: 6 | D25: Base tipo INVIAS | M25: m3 | O25: 169
C26: I. EQUIPO
C29: DESCRIPCIÓN | H29: MARCA | J29: TIPO | L29: TARIFA/HORA | M29: RENDIMIENTO | O29: Vr. UNITARIO
C30: Carrotanque agua | L30: 105000 | M30: 0.05 | O30: =L30*M30 -> 5250
C31: Cilindro compactador vibratorio Dynapac y tractor | L31: 75000 | M31: 0.05 | O31: =L31*M31 -> 3750
C32: Motoniveladora | L32: 200800 | M32: 0.05 | O32: =L32*M32 -> 10040
C33: Herramienta menor (% mano obra) | L33: =O53 -> 15380 | M33: 0.05 | O33: =L33*M33 -> 769
C34: SUBTOTAL $ | O34: =+SUM(O30:O33) -> 19809
C35: II. MATERIALES
C38: DESCRIPCIÓN | K38: UNIDAD | L38: CANTIDAD | M38: PRECIO UNIT. | O38: Vr. UNITARIO
C39: Agua | K39: Lt | L39: 24 | M39: 7.765 | O39: =+M39*L39 -> 186.36
C40: Material de base granular tipo Invías Clase A (Incluye transporte) | K40: m3 | L40: 1.25 | M40: 127700 | O40: =+M40*L40 -> 159625
C41: SUBTOTAL $ | O41: =+SUM(O39:O40) -> 159811.36
C42: III. TRANSPORTES
C45: MATERIAL | J45: VOL. o PESO | K45: DISTANCIA | L45: M3 o Ton/Km | M45: TARIFA | O45: Vr. UNITARIO
C48: SUBTOTAL $ | O48: =SUM(O46:O47) -> 0
C49: IV. MANO DE OBRA
C52: TRABAJADOR | J52: JORNAL | K52: PRESTACIONES | L52: JORNAL TOTAL | M52: RENDIMIENTO | O52: Vr. UNITARIO
C53: Cuadrilla G 1 Of + 2 Ay (jornal + prestaciones) | J53: 164667 | K53: 142933 | L53: =J53+K53 -> 307600 | M53: 0.05 | O53: =L53*M53 -> 15380
C57: SUBTOTAL $ | O57: =+SUM(O53:O56) -> 15380
C59: TOTAL COSTO DIRECTO $ | O59: =O57+O41+O34 -> 195000.36
C60: V. COSTOS INDIRECTOS
C63: Descripción | L63: Porcentaje | M63: Valor Total
C64: ADMINISTRACION | L64: 0.3 | M64: =O59*L64 -> 58500.108 | O64: =M64 -> 58500.108
C65: IMPREVISTOS | L65: 0 | O65: =M65 -> 0
C66: UTILIDAD | L66: 0.05 | M66: =O59*L66 -> 9750.018 | O66: =M66 -> 9750.018
C67: SUBTOTAL $ | O67: =SUM(O64:O66) -> 68250.126
C69: Precio Unitario Total Aproximado al peso $ | O69: =O67+O59 -> 263250.49
H73: Firma
H74: Nombre:
H75: Representante Legal del Contratista o su Apoderado
H76: Matricula No. :
C78: OBSERVACIONES INTERVENTORÍA
C82: APROBACIÓN POR INTERVENTORÍA
C83: Nota 1: Cuando se trate de Análisis de precios unitarios correspondientes a ítems de la propuesta económica aprobada, el Interventor aprueba el desglose de los componentes manteniendo el mismo precio unitario de cada ítem, cumpliendo con las especificaciones de construcción vigentes para el proyecto.
C85: Nota 2: Cuando se trate de Análisis de precios unitarios de ítems no previstos, el Interventor aprueba el desglose y precio unitario de cada ítem no previsto, exigiendo la aplicación de los costos correspondientes a insumos y tarifas de la propuesta económica inicial cuando estén contemplados, cumpliendo con las especificaciones de construcción vigente para el proyecto.
H88: Firma
H89: Nombre:
H90: Representante Legal del Interventor o su Apoderado
H91: Matricula No. :

Sheet ITEM 7
C3: Formulario 1 - Propuesta económica - Documento tipo de selección abreviada de menor cuantía - versión 3
C4: Código | D4: CCE-EICP-FM-25 | E4: Versión | F4: 3
C6: [La entidad podrá utilizar este formato para la presentación de los análisis de precios unitarios el contratista en la oportunidad prevista en el numeral 8.1. del Documento Base]
D9: MUNICIPIO DE SANTA ROSA DE CABAL
L10: VERSIÓN
D11: SI-SAMC-XXX-2024
L12: PÁGINA | M12: 1 | N12: DE | O12: 1
D14: ANALISIS DE PRECIOS UNITARIOS
L16: FECHA | M16: DD | N16: MM | O16: AA
M17: 8 | N17: 10 | O17: 2024
C18: ITEMS DE LA PROPUESTA ECONÓMICA | I18: ITEMS NO PREVISTOS
C22: DATOS ESPECÍFICOS
C24: ITEM | D24: DESCRIPCIÓN | M24: UNIDAD | O24: CANTIDAD
C25: 7 | D25: Sello de juntas con POLYBIT-R | M25: m | O25: 216
C26: I. EQUIPO
C29: DESCRIPCIÓN | H29: MARCA | J29: TIPO | L29: TARIFA/DIA | M29: RENDIMIENTO | O29: Vr. UNITARIO
C30: Herramienta menor (% mano obra) | L30: =O57 -> 2493.1779 | M30: 0.06 | O30: =L30*M30 -> 149.59067
C31: CRAFCO o similar y equipo de aire a presión para juntas | L31: 260000 | M31: 0.02 | O31: =L31*M31 -> 5200
C34: SUBTOTAL $ | O34: =SUM(O30:O33) -> 5349.5907
C35: II. MATERIALES
C38: DESCRIPCIÓN | K38: UNIDAD | L38: CANTIDAD | M38: PRECIO UNIT. | O38: Vr. UNITARIO
C39: POLYBIT-R | K39: gm | L39: 240 | M39: 16 | O39: =+M39*L39 -> 3840
C41: SUBTOTAL $ | O41: =SUM(O39:O40) -> 3840
C42: III. TRANSPORTES
C45: MATERIAL | J45: VOL. o PESO | K45: DISTANCIA | L45: M3 o Ton/Km | M45: TARIFA | O45: Vr. UNITARIO
C48: SUBTOTAL $ | O48: =SUM(O46:O47) -> 0
C49: IV. MANO DE OBRA
C52: TRABAJADOR | J52: JORNAL | K52: PRESTACIONES | L52: JORNAL TOTAL | M52: RENDIMIENTO | O52: Vr. UNITARIO
C53: Cuadrilla G 1 Of + 2 Ay (jornal + prestaciones) | J53: =3640000/30 -> 121333.33 | K53: =3159576/30 -> 105319.2 | L53: =J53+K53 -> 226652.53 | M53: 0.011 | O53: =L53*M53 -> 2493.1779
C57: SUBTOTAL $ | O57: =+SUM(O53:O56) -> 2493.1779
C59: TOTAL COSTO DIRECTO $ | O59: =O57+O48+O41+O34 -> 11682.769
C60: V. COSTOS INDIRECTOS
C63: Descripción | L63: Porcentaje | M63: Valor Total
C64: ADMINISTRACION | L64: 0.3 | M64: =O59*L64 -> 3504.8306 | O64: =M64 -> 3504.8306
C65: IMPREVISTOS | L65: 0 | O65: =M65 -> 0
C66: UTILIDAD | L66: 0.05 | M66: =O59*L66 -> 584.13843 | O66: =M66 -> 584.13843
C67: SUBTOTAL $ | O67: =SUM(O64:O66) -> 4088.969
C69: Precio Unitario Total Aproximado al peso $ | O69: =O67+O59 -> 15771.738
H73: Firma
H74: Nombre:
H75: Representante Legal del Contratista o su Apoderado
H76: Matricula No. :
C78: OBSERVACIONES INTERVENTORÍA
C82: APROBACIÓN POR INTERVENTORÍA
C83: Nota 1: Cuando se trate de Análisis de precios unitarios correspondientes a ítems de la propuesta económica aprobada, el Interventor aprueba el desglose de los componentes manteniendo el mismo precio unitario de cada ítem, cumpliendo con las especificaciones de construcción vigentes para el proyecto.
C85: Nota 2: Cuando se trate de Análisis de precios unitarios de ítems no previstos, el Interventor aprueba el desglose y precio unitario de cada ítem no previsto, exigiendo la aplicación de los costos correspondientes a insumos y tarifas de la propuesta económica inicial cuando estén contemplados, cumpliendo con las especificaciones de construcción vigente para el proyecto.
H88: Firma
H89: Nombre:
H90: Representante Legal del Interventor o su Apoderado
H91: Matricula No. :

Sheet ITEM 8
C3: Formulario 1 - Propuesta económica - Documento tipo de selección abreviada de menor cuantía - versión 3
C4: Código | D4: CCE-EICP-FM-25 | E4: Versión | F4: 3
C6: [La entidad podrá utilizar este formato para la presentación de los análisis de precios unitarios el contratista en la oportunidad prevista en el numeral 8.1. del Documento Base]
D9: MUNICIPIO DE SANTA ROSA DE CABAL
L10: VERSIÓN
D11: SI-SAMC-XXX-2024
L12: PÁGINA | M12: 1 | N12: DE | O12: 1
D14: ANALISIS DE PRECIOS UNITARIOS
L16: FECHA | M16: DD | N16: MM | O16: AA
M17: 9 | N17: 10 | O17: 2024
C18: ITEMS DE LA PROPUESTA ECONÓMICA | I18: ITEMS NO PREVISTOS
C22: DATOS ESPECÍFICOS
C24: ITEM | D24: DESCRIPCIÓN | M24: UNIDAD | O24: CANTIDAD
C25: 8 | D25: Imprimación | M25: m2 | O25: 1455
C26: I. EQUIPO
C29: DESCRIPCIÓN | H29: MARCA | J29: TIPO | L29: TARIFA/HORA | M29: RENDIMIENTO | O29: Vr. UNITARIO
C30: Herramienta menor (% mano obra) | L30: =O53 -> 1457.052 | M30: 0.096 | O30: =L30*M30 -> 139.87699
C31: Carrotanque asfalto | L31: 107100 | M31: 0.002 | O31: =L31*M31 -> 214.2
C32: Compresor (Barrido y soplado) | L32: 59000 | M32: 0.002 | O32: =L32*M32 -> 118
C34: SUBTOTAL $ | O34: =SUM(O30:O33) -> 472.07699
C35: II. MATERIALES
C38: DESCRIPCIÓN | K38: UNIDAD | L38: CANTIDAD | M38: PRECIO UNIT. | O38: Vr. UNITARIO
C39: Asfalto líquido MC-30 para imprimar | K39: Gl | L39: 0.309 | M39: 24500 | O39: =+M39*L39 -> 7570.5
C41: SUBTOTAL $ | O41: =SUM(O39:O40) -> 7570.5
C42: III. TRANSPORTES
C45: MATERIAL | J45: VOL. o PESO | K45: DISTANCIA | L45: M3 o Ton/Km | M45: TARIFA | O45: Vr. UNITARIO
C48: SUBTOTAL $ | O48: =SUM(O46:O47) -> 0
C49: IV. MANO DE OBRA
C52: TRABAJADOR | J52: JORNAL | K52: PRESTACIONES | L52: JORNAL TOTAL | M52: RENDIMIENTO | O52: Vr. UNITARIO
C53: Cuadrilla 1 Ay (jornal + prestaciones) | J53: =(1300000/30) -> 43333.333 | K53: =(1128420/30) -> 37614 | L53: =J53+K53 -> 80947.333 | M53: 0.018 | O53: =L53*M53 -> 1457.052
C57: SUBTOTAL $ | O57: =+SUM(O53:O56) -> 1457.052
C59: TOTAL COSTO DIRECTO $ | O59: =O57+O48+O41+O34 -> 9499.629
C60: V. COSTOS INDIRECTOS
C63: Descripción | L63: Porcentaje | M63: Valor Total
C64: ADMINISTRACION | L64: 0.3 | M64: =O59*L64 -> 2849.8887 | O64: =M64 -> 2849.8887
C65: IMPREVISTOS | L65: 0 | O65: =M65 -> 0
C66: UTILIDAD | L66: 0.05 | M66: =O59*L66 -> 474.98145 | O66: =M66 -> 474.98145
C67: SUBTOTAL $ | O67: =SUM(O64:O66) -> 3324.8701
C69: Precio Unitario Total Aproximado al peso $ | O69: =O67+O59 -> 12824.499
H73: Firma
H74: Nombre:
H75: Representante Legal del Contratista o su Apoderado
H76: Matricula No. :
C78: OBSERVACIONES INTERVENTORÍA
C82: APROBACIÓN POR INTERVENTORÍA
C83: Nota 1: Cuando se trate de Análisis de precios unitarios correspondientes a ítems de la propuesta económica aprobada, el Interventor aprueba el desglose de los componentes manteniendo el mismo precio unitario de cada ítem, cumpliendo con las especificaciones de construcción vigentes para el proyecto.
C85: Nota 2: Cuando se trate de Análisis de precios unitarios de ítems no previstos, el Interventor aprueba el desglose y precio unitario de cada ítem no previsto, exigiendo la aplicación de los costos correspondientes a insumos y tarifas de la propuesta económica inicial cuando estén contemplados, cumpliendo con las especificaciones de construcción vigente para el proyecto.
H88: Firma
H89: Nombre:
H90: Representante Legal del Interventor o su Apoderado
H91: Matricula No. :

Sheet ITEM 9
C3: Formulario 1 - Propuesta económica - Documento tipo de selección abreviada de menor cuantía - versión 3
C4: Código | D4: CCE-EICP-FM-25 | E4: Versión | F4: 3
C6: [La entidad podrá utilizar este formato para la presentación de los análisis de precios unitarios el contratista en la oportunidad prevista en el numeral 8.1. del Documento Base]
D9: MUNICIPIO DE SANTA ROSA DE CABAL
L10: VERSIÓN
D11: SI-SAMC-XXX-2024
L12: PÁGINA | M12: 1 | N12: DE | O12: 1
D14: ANALISIS DE PRECIOS UNITARIOS
L16: FECHA | M16: DD | N16: MM | O16: AA
M17: 8 | N17: 10 | O17: 2024
C18: ITEMS DE LA PROPUESTA ECONÓMICA | I18: ITEMS NO PREVISTOS
C22: DATOS ESPECÍFICOS
C24: ITEM | D24: DESCRIPCIÓN | M24: UNIDAD | O24: CANTIDAD
C25: 9 | D25: Geomalla biaxial FV R-50 | M25: m2 | O25: 972
C26: I. EQUIPO
C29: DESCRIPCIÓN | H29: MARCA | J29: TIPO | L29: TARIFA/HORA | M29: RENDIMIENTO | O29: Vr. UNITARIO
C30: Herramienta menor (% mano obra) | L30: =O57 -> 3076 | M30: 0.0587 | O30: =L30*M30 -> 180.5612
C34: SUBTOTAL $ | O34: =SUM(O30:O33) -> 180.5612
C35: II. MATERIALES
C38: DESCRIPCIÓN | K38: UNIDAD | L38: CANTIDAD | M38: PRECIO UNIT. | O38: Vr. UNITARIO
C39: Geomalla biaxial FV-R-50 | K39: m2 | L39: 1.15 | M39: 11002 | O39: =+M39*L39 -> 12652.3
C41: SUBTOTAL $ | O41: =SUM(O39:O40) -> 12652.3
C42: III. TRANSPORTES
C45: MATERIAL | J45: VOL. o PESO | K45: DISTANCIA | L45: M3 o Ton/Km | M45: TARIFA | O45: Vr. UNITARIO
C48: SUBTOTAL $ | O48: =SUM(O46:O47) -> 0
C49: IV. MANO DE OBRA
C52: TRABAJADOR | J52: JORNAL | K52: PRESTACIONES | L52: JORNAL TOTAL | M52: RENDIMIENTO | O52: Vr. UNITARIO
C53: Cuadrilla G 1 Of + 2 Ay (jornal + prestaciones) | J53: 164667 | K53: 142933 | L53: =J53+K53 -> 307600 | M53: 0.01 | O53: =L53*M53 -> 3076
C57: SUBTOTAL $ | O57: =+SUM(O53:O56) -> 3076
C59: TOTAL COSTO DIRECTO $ | O59: =O57+O48+O41+O34 -> 15908.861
C60: V. COSTOS INDIRECTOS
C63: Descripción | L63: Porcentaje | M63: Valor Total
C64: ADMINISTRACION | L64: 0.3 | M64: =O59*L64 -> 4772.6584 | O64: =M64 -> 4772.6584
C65: IMPREVISTOS | L65: 0 | O65: =M65 -> 0
C66: UTILIDAD | L66: 0.05 | M66: =O59*L66 -> 795.44306 | O66: =M66 -> 795.44306
C67: SUBTOTAL $ | O67: =SUM(O64:O66) -> 5568.1014
C69: Precio Unitario Total Aproximado al peso $ | O69: =O67+O59 -> 21476.963
H73: Firma
H74: Nombre:
H75: Representante Legal del Contratista o su Apoderado
H76: Matricula No. :
C78: OBSERVACIONES INTERVENTORÍA
C82: APROBACIÓN POR INTERVENTORÍA
C83: Nota 1: Cuando se trate de Análisis de precios unitarios correspondientes a ítems de la propuesta económica aprobada, el Interventor aprueba el desglose de los componentes manteniendo el mismo precio unitario de cada ítem, cumpliendo con las especificaciones de construcción vigentes para el proyecto.
C85: Nota 2: Cuando se trate de Análisis de precios unitarios de ítems no previstos, el Interventor aprueba el desglose y precio unitario de cada ítem no previsto, exigiendo la aplicación de los costos correspondientes a insumos y tarifas de la propuesta económica inicial cuando estén contemplados, cumpliendo con las especificaciones de construcción vigente para el proyecto.
H88: Firma
H89: Nombre:
H90: Representante Legal del Interventor o su Apoderado
H91: Matricula No. :

Sheet ITEM 10
C3: Formulario 1 - Propuesta económica - Documento tipo de selección abreviada de menor cuantía - versión 3
C4: Código | D4: CCE-EICP-FM-25 | E4: Versión | F4: 3
C6: [La entidad podrá utilizar este formato para la presentación de los análisis de precios unitarios el contratista en la oportunidad prevista en el numeral 8.1. del Documento Base]
D9: MUNICIPIO DE SANTA ROSA DE CABAL
L10: VERSIÓN
D11: SI-SAMC-XXX-2024
L12: PÁGINA | M12: 1 | N12: DE | O12: 1
D14: ANALISIS DE PRECIOS UNITARIOS
L16: FECHA | M16: DD | N16: MM | O16: AA
M17: 8 | N17: 10 | O17: 2024
C18: ITEMS DE LA PROPUESTA ECONÓMICA | I18: ITEMS NO PREVISTOS
C22: DATOS ESPECÍFICOS
C24: ITEM | D24: DESCRIPCIÓN | M24: UNIDAD | O24: CANTIDAD
C25: 10 | D25: Asfalto e= 0,07 m a 0,10 m (Incluye transporte) | M25: m3 | O25: 119
C26: I. EQUIPO
C29: DESCRIPCIÓN | H29: MARCA | J29: TIPO | L29: TARIFA/HORA | M29: RENDIMIENTO | O29: Vr. UNITARIO
C30: Herramienta menor (% mano obra) | L30: =O57 -> 71881.232 | M30: 0.05 | O30: =L30*M30 -> 3594.0616
C31: Cilindro compactador vibratorio Dynapac y tractor | L31: 75000 | M31: 0.067 | O31: =L31*M31 -> 5025
C32: Compactador neumático con tractor | L32: 165410 | M32: 0.067 | O32: =L32*M32 -> 11082.47
C33: Finisher (pavimentadora) con operario | L33: 173872 | M33: 0.04 | O33: =L33*M33 -> 6954.88
C34: SUBTOTAL $ | O34: =SUM(O30:O33) -> 26656.412
C35: II. MATERIALES
C38: DESCRIPCIÓN | K38: UNIDAD | L38: CANTIDAD | M38: PRECIO UNIT. | O38: Vr. UNITARIO
C39: Mezcla asfáltica MDC 19 con asfalto normalizado 60/70 | K39: m2 | L39: 1.2 | M39: 860000 | O39: =+M39*L39 -> 1032000
C41: SUBTOTAL $ | O41: =SUM(O39:O40) -> 1032000
C42: III. TRANSPORTES
C45: MATERIAL | J45: VOL. o PESO | K45: DISTANCIA | L45: M3 o Ton/Km | M45: TARIFA | O45: Vr. UNITARIO
C48: SUBTOTAL $ | O48: =SUM(O46:O47) -> 0
C49: IV. MANO DE OBRA
C52: TRABAJADOR | J52: JORNAL | K52: PRESTACIONES | L52: JORNAL TOTAL | M52: RENDIMIENTO | O52: Vr. UNITARIO
C53: Cuadrilla F 6 Of + 4 Ay (jornal + prestaciones) | J53: 641333.33 | K53: 556687.2 | L53: =J53+K53 -> 1198020.5 | M53: 0.06 | O53: =L53*M53 -> 71881.232
C57: SUBTOTAL $ | O57: =+SUM(O53:O56) -> 71881.232
C59: TOTAL COSTO DIRECTO $ | O59: =O57+O48+O41+O34 -> 1130537.6
C60: V. COSTOS INDIRECTOS
C63: Descripción | L63: Porcentaje | M63: Valor Total
C64: ADMINISTRACION | L64: 0.3 | M64: =O59*L64 -> 339161.29 | O64: =M64 -> 339161.29
C65: IMPREVISTOS | L65: 0 | O65: =M65 -> 0
C66: UTILIDAD | L66: 0.05 | M66: =O59*L66 -> 56526.882 | O66: =M66 -> 56526.882
C67: SUBTOTAL $ | O67: =SUM(O64:O66) -> 395688.18
C69: Precio Unitario Total Aproximado al peso $ | O69: =O67+O59 -> 1526225.8
H73: Firma
H74: Nombre:
H75: Representante Legal del Contratista o su Apoderado
H76: Matricula No. :
C78: OBSERVACIONES INTERVENTORÍA
C82: APROBACIÓN POR INTERVENTORÍA
C83: Nota 1: Cuando se trate de Análisis de precios unitarios correspondientes a ítems de la propuesta económica aprobada, el Interventor aprueba el desglose de los componentes manteniendo el mismo precio unitario de cada ítem, cumpliendo con las especificaciones de construcción vigentes para el proyecto.
C85: Nota 2: Cuando se trate de Análisis de precios unitarios de ítems no previstos, el Interventor aprueba el desglose y precio unitario de cada ítem no previsto, exigiendo la aplicación de los costos correspondientes a insumos y tarifas de la propuesta económica inicial cuando estén contemplados, cumpliendo con las especificaciones de construcción vigente para el proyecto.
H88: Firma
H89: Nombre:
H90: Representante Legal del Interventor o su Apoderado
H91: Matricula No. :

Sheet ITEM 11
C3: Formulario 1 - Propuesta económica - Documento tipo de selección abreviada de menor cuantía - versión 3
C4: Código | D4: CCE-EICP-FM-25 | E4: Versión | F4: 3
C6: [La entidad podrá utilizar este formato para la presentación de los análisis de precios unitarios el contratista en la oportunidad prevista en el numeral 8.1. del Documento Base]
D9: MUNICIPIO DE SANTA ROSA DE CABAL
L10: VERSIÓN
D11: SI-SAMC-XXX-2024
L12: PÁGINA | M12: 1 | N12: DE | O12: 1
D14: ANALISIS DE PRECIOS UNITARIOS
L16: FECHA | M16: DD | N16: MM | O16: AA
M17: 8 | N17: 10 | O17: 2024
C18: ITEMS DE LA PROPUESTA ECONÓMICA | I18: ITEMS NO PREVISTOS
C22: DATOS ESPECÍFICOS
C24: ITEM | D24: DESCRIPCIÓN | M24: UNIDAD | O24: CANTIDAD
C25: 11 | D25: Líneas de demarcación vial pintura en frío | M25: m | O25: 727
C26: I. EQUIPO
C29: DESCRIPCIÓN | H29: MARCA | J29: TIPO | L29: TARIFA/HORA | M29: RENDIMIENTO | O29: Vr. UNITARIO
C30: Herramienta menor (% mano obra) | L30: =O58 -> 215.85956 | M30: 0.05 | O30: =L30*M30 -> 10.792978
C31: Equipo móvil pintura línea vías, incluye camioneta guía | L31: 583000 | M31: =1/2000 -> 0.0005 | O31: =L31*M31 -> 291.5
O32: =L32*M32 -> 0
O33: =L33*M33 -> 0
C34: SUBTOTAL $ | O34: =SUM(O30:O33) -> 302.29298
C35: II. MATERIALES
C38: DESCRIPCIÓN | K38: UNIDAD | L38: CANTIDAD | M38: PRECIO UNIT. | O38: Vr. UNITARIO
C39: Disolvente Pintráfico Ref 121004 | K39: Lt | L39: 0.005 | M39: 35713 | O39: =+M39*L39 -> 178.565
C40: Pintura acrílica para tráfico | K40: Gl | L40: 0.015 | M40: 147480 | O40: =+M40*L40 -> 2212.2
C41: Microesferas reflectivas | K41: kg | L41: 0.05 | M41: 7449 | O41: =+M41*L41 -> 372.45
C42: SUBTOTAL $ | O42: =SUM(O39:O41) -> 2763.215
C43: III. TRANSPORTES
C46: MATERIAL | J46: VOL. o PESO | K46: DISTANCIA | L46: M3 o Ton/Km | M46: TARIFA | O46: Vr. UNITARIO
C49: SUBTOTAL $ | O49: =SUM(O47:O48) -> 0
C50: IV. MANO DE OBRA
C53: TRABAJADOR | J53: JORNAL | K53: PRESTACIONES | L53: JORNAL TOTAL | M53: RENDIMIENTO | O53: Vr. UNITARIO
C54: Cuadrilla H 4 Ay (jornal + prestaciones) | J54: =5200000/30 -> 173333.33 | K54: =4513680/30 -> 150456 | L54: =J54+K54 -> 323789.33 | M54: =1/1500 -> 0.00066666667 | O54: =L54*M54 -> 215.85956
C58: SUBTOTAL $ | O58: =+SUM(O54:O57) -> 215.85956
C60: TOTAL COSTO DIRECTO $ | O60: =O58+O49+O42+O34 -> 3281.3675
C61: V. COSTOS INDIRECTOS
C64: Descripción | L64: Porcentaje | M64: Valor Total
C65: ADMINISTRACION | L65: 0.3 | M65: =O60*L65 -> 984.41026 | O65: =M65 -> 984.41026
C66: IMPREVISTOS | L66: 0 | O66: =M66 -> 0
C67: UTILIDAD | L67: 0.05 | M67: =O60*L67 -> 164.06838 | O67: =M67 -> 164.06838
C68: SUBTOTAL $ | O68: =SUM(O65:O67) -> 1148.4786
C70: Precio Unitario Total Aproximado al peso $ | O70: =O68+O60 -> 4429.8462
H74: Firma
H75: Nombre:
H76: Representante Legal del Contratista o su Apoderado
H77: Matricula No. :
C79: OBSERVACIONES INTERVENTORÍA
C83: APROBACIÓN POR INTERVENTORÍA
C84: Nota 1: Cuando se trate de Análisis de precios unitarios correspondientes a ítems de la propuesta económica aprobada, el Interventor aprueba el desglose de los componentes manteniendo el mismo precio unitario de cada ítem, cumpliendo con las especificaciones de construcción vigentes para el proyecto.
C86: Nota 2: Cuando se trate de Análisis de precios unitarios de ítems no previstos, el Interventor aprueba el desglose y precio unitario de cada ítem no previsto, exigiendo la aplicación de los costos correspondientes a insumos y tarifas de la propuesta económica inicial cuando estén contemplados, cumpliendo con las especificaciones de construcción vigente para el proyecto.
H89: Firma
H90: Nombre:
H91: Representante Legal del Interventor o su Apoderado
H92: Matricula No. :
